[Event "*** Titled Tuesday Blitz"]
[Site "Chess.com"]
[Date "2020.12.29"]
[Round "3"]
[White "maciek_92"]
[Black "Keks2017"]
[Result "0-1"]
[WhiteElo "2759"]
[BlackElo "2569"]
[TimeControl "180+1"]
[EndTime "10:29:14 PST"]
[Termination "Keks2017 won on time"]

1. e4 d6 2. d4 Nf6 3. Nc3 e5 4. dxe5 dxe5 5. Qxd8+ Kxd8 6. Bc4 Ke8 7. f3 c6 8. Be3 Nbd7 9. Nge2 Bc5 10. Kf2 Bxe3+ 11. Kxe3 Ke7 12. h4 Nb6 13. Bb3 Be6 14. g4 Nfd7 15.
Ng3 g6 16. h5 Nc5 17. Rh2 a5 18.
Rah1 Rhd8 19. hxg6 hxg6 20. Rd2 Rxd2 21. Kxd2 a4 22.
Bxe6 Nxe6 23. Nce2 Nd7 24. Ke3 b5 25. a3 Nb6 26.
Kd2 Rd8+ 27. Kc3 Nc4 28. b3 axb3 29. cxb3 Nd2 30. a4 Nxf3 31. a5 c5 32. a6 Ra8 33.
Ra1 Ra7 34. b4 c4 35. Nf1 Nfg5 36. Neg3 Nc7 37. Ne3 Ke6 38. Nd5 Nxd5+ 39. exd5+ Kxd5 40. Nf1 Kc6 41. Ne3 Kb6 42. Nd5+ Kc6 43. Nf6 Ne6 44.
Ne4 f5 45. gxf5 gxf5 46. Nf6 Nc7 47. Re1 Nd5+ 48. Nxd5 Kxd5 49. Rd1+ Ke6 50. Rh1 f4 51. Rh6+ Kf5 52. Rb6 e4 53. Rxb5+ Kg4 54. Rb6 e3 55. b5 e2 56. Kd2 f3 57. Ke1 Rd7 58. Rg6+ Kf5 0-1

[Event "*** Titled Tuesday Blitz"]
[Site "Chess.com"]
[Date "2020.12.29"]
[Round "3"]
[White "elohunter1999"]
[Black "FontVella8"]
[Result "0-1"]
[WhiteElo "2685"]
[BlackElo "2509"]
[TimeControl "180+1"]
[EndTime "10:29:14 PST"]
[Termination "FontVella8 won by resignation"]

1. d4 d5 2. c4 c6 3. Nf3 Nf6 4. Nc3 e6 5. e3 Nbd7 6. Qc2 Bd6 7. Bd3 dxc4 8. Bxc4 b5 9. Be2 O-O 10. O-O Bb7 11. e4 e5 12. Rd1 Qe7 13. dxe5 Nxe5 14.
Nd4 g6 15. Bg5 Rad8 16. f4 Bc5 17. fxe5 Rxd4 18. Rxd4 Bxd4+ 19. Kh1 Qxe5 20. Bh6 Re8 21. Bf3 b4 22. Ne2 c5 23. Nxd4 cxd4 24. Re1 Nxe4 25. Rf1 Ba6 26. Rc1 d3 27. Qc6 d2 28. Bxd2 Nxd2 29.
h3 Nxf3 30. Qxf3 Be2 31. Qf2 a5 32. Re1 Qxb2 33. h4 Re6 34. h5 Qd2 35. Kg1 Kg7 36. h6+ Qxh6 37. Rxe2 Qc1+ 38. Kh2 Rxe2 39. Qxe2 Qf4+ 40.
Kg1 h5 41. Qb2+ Qf6 42. Qe2 Qd4+ 43. Kh1 a4 44. Qb5 b3 45. axb3 a3 46. Qa5 Qa1+ 47. Kh2 Qb2 48. b4 a2 49. b5 a1=Q 50. Qc7 Qe5+ 0-1

[Event "*** Titled Tuesday Blitz"]
[Site "Chess.com"]
[Date "2020.12.29"]
[Round "3"]
[White "pavel_skatchkov"]
[Black "Gabrielian_Artur"]
[Result "0-1"]
[WhiteElo "2558"]
[BlackElo "2794"]
[TimeControl "180+1"]
[EndTime "10:29:16 PST"]
[Termination "Gabrielian_Artur won by resignation"]

1. d4 Nf6 2. Nf3 g6 3. g3 Bg7 4.
Bg2 O-O 5. O-O d6 6. c4 Nbd7 7. Nc3 e5 8. e4 exd4 9. Nxd4 Re8 10. Re1 Nc5 11. h3 Bd7 12. Bg5 h6 13. Bf4 g5 14.
Bd2 Nfxe4 15. Nxe4 Nxe4 16. Bxe4 Bxd4 17. Bxb7 Rb8 18.
Qf3 Qf6 19. Rxe8+ Rxe8 20. Qxf6 Bxf6 21. Be3 a5 22. Kg2 Rb8 23. Bd5 Rxb2 24. Rd1 Rxa2 25. c5 Rb2 26. cxd6 cxd6 27. Be4 Be5 28. h4 f6 29.
hxg5 hxg5 30. Bd5+ Kg7 31. Rc1 Kf8 32. Rc7 Ke8 33.
Ra7 a4 34. Be4 f5 35. Bf3 f4 36. gxf4 gxf4 37. Bh5+ Kd8 38. Bc1 Rxf2+ 39. Kxf2 Bd4+ 40.
Kf3 Bxa7 41. Kxf4 Bc5 42. Bf7 Kc7 43. Ke4 Bc6+ 44. Kd3 Kb6 45. Kc3 d5 46. Kb2 Kb5 47. Bd2 Kb6 48. Bc3 d4 49. Bxd4 Bxd4+ 50. Ka3 Bc5+ 51.
Ka2 Kb5 52. Bg8 Kb4 53. Bf7 Bb5 54. Bg8 Bc4+ 0-1

[Event "*** Titled Tuesday Blitz"]
[Site "Chess.com"]
[Date "2020.12.29"]
[Round "3"]
[White "djano"]
[Black "GMHess"]
[Result "0-1"]
[WhiteElo "2454"]
[BlackElo "2853"]
[TimeControl "180+1"]
[EndTime "10:29:16 PST"]
[Termination "GMHess won by resignation"]

1. e4 g6 2. Nc3 Bg7 3. Bc4 a6 4. h4 h6 5. d4 e6 6. h5 g5 7. f4 b5 8. Bb3 Nc6 9. Nf3 g4 10. Ne5 Nxd4 11. Qxg4 Rh7 12. Nxf7 Qf6 13. Ne5 c5 14. Qg6+ Qxg6 15. hxg6 Rh8 16. Nf7 c4 17. Be3 cxb3 18. Bxd4 Bxd4 19. axb3 Rb8 20. O-O-O Bg7 21.
e5 Bb7 22. Nxh8 Bxh8 23. Rhg1 Ne7 24. g4 Nxg6 25. f5 Nxe5 26. fxe6 dxe6 27. g5 Nf3 28. Rh1 Nxg5 29. Rxh6 Be5 30. Re1 Bf4+ 31. Kb1 Kf7 32.
Rf1 e5 33. Ne2 Kg7 34. Rb6 Be3 35. Rd6 Bc8 36. Ng3 Bh3 37. Nf5+ Bxf5 38. Rxf5 Rb7 39. Rd1 Bf4 40. Rg1 Kg6 41. Rf8 Rf7 42. Rg8+ Kf5 43.
Re8 Nf3 44. Rh1 e4 45. c3 e3 46. Kc2 Rf6 47. Re7 Rd6 48. Rf7+ Ke4 49. Re7+ Ne5 50.
Kb1 e2 51. Ka2 Rd1 52. Reh7 e1=Q 0-1

[Event "*** Titled Tuesday Blitz"]
[Site "Chess.com"]
[Date "2020.12.29"]
[Round "3"]
[White "arctic_t00"]
[Black "DenLaz"]
[Result "1-0"]
[WhiteElo "2622"]
[BlackElo "2816"]
[TimeControl "180+1"]
[EndTime "10:29:17 PST"]
[Termination "arctic_t00 won by resignation"]

1. Nf3 d5 2. g3 Nd7 3. d4 Nb6 4.
Bg2 Bf5 5. O-O e6 6. Bg5 Be7 7.
Bxe7 Qxe7 8. Re1 Nf6 9. Nbd2 O-O 10. Ne5 c5 11. c3 Rac8 12. Nb3 cxd4 13. Nxd4 Be4 14. a4 Nc4 15. Nxc4 Rxc4 16. Nf3 Rc7 17. a5 Rb8 18. Qd4 Qc5 19. e3 Ne8 20. Ne5 Qxd4 21.
exd4 Bxg2 22. Kxg2 Nd6 23. Re2 g6 24. g4 h6 25. f3 Kg7 26. Kg3 Nc4 27. Nxc4 Rxc4 28. f4 Rbc8 29. f5 exf5 30. gxf5 g5 31. h4 Kf6 32.
Re5 Rd8 33. hxg5+ hxg5 34. Rh1 Rc7 35. Kg4 Kg7 36. Rh5 f6 37. Re3 Rdd7 38. Reh3 Kf8 39. Rh8+ Ke7 40. Ra8 Kd6 41. Rh6 Rf7 42. Rxa7 Rce7 43.
a6 Kc6 44. axb7 Rxb7 45. Rxb7 Kxb7 46. Kh5 Rf8 47. Kg6 g4 48. Kg7 Re8 49. Rxf6 Re2 50. Rg6 Rxb2 51. Rxg4 Kc6 52. f6 Rf2 53. f7 Kb5 54.
f8=Q Rxf8 55. Kxf8 Kc4 56. Rg3 1-0

[Event "*** Titled Tuesday Blitz"]
[Site "Chess.com"]
[Date "2020.12.29"]
[Round "3"]
[White "sokidze"]
[Black "ErikRonka"]
[Result "0-1"]
[WhiteElo "2544"]
[BlackElo "2384"]
[TimeControl "180+1"]
[EndTime "10:29:17 PST"]
[Termination "ErikRonka won on time"]

1. d4 d5 2. Nf3 Nf6 3. g3 Bg4 4.
Bg2 Nbd7 5. c4 e6 6. h3 Bh5 7.
O-O c6 8. cxd5 exd5 9. Qb3 Qb6 10. Qe3+ Be7 11. Nh4 Bg6 12. Nc3 Nf8 13. f4 h5 14.
Na4 Qc7 15. Nc5 b6 16. Nd3 Be4 17. Bxe4 Nxe4 18. Nf5 Ne6 19. Nf2 Nxf2 20. Qxf2 O-O-O 21. Nxe7+ Qxe7 22. Bd2 f5 23. Rac1 Kb7 24. e3 Rdg8 25.
h4 Nd8 26. Qe2 Nf7 27. b4 Qd7 28. a4 Nd6 29. Kh2 Nc4 30. Rxc4 dxc4 31. Qxc4 Qd5 32.
Qc2 Re8 33. Qd3 Re6 34. Qe2 g6 35. Rc1 Rhe8 36. Qf2 Qa2 37. a5 Qb3 38. Kg2 Qd5+ 39. Kg1 Qe4 40. axb6 axb6 41. b5 cxb5 42. Qf1 Qd5 43.
Qd3 Ra8 44. Be1 Ra2 45. Bf2 Rc6 46. Rb1 Rcc2 47. Rf1 Qf3 48. Qb3 Rxf2 49. Qf7+ Ka6 0-1

[Event "*** Titled Tuesday Blitz"]
[Site "Chess.com"]
[Date "2020.12.29"]
[Round "3"]
[White "bylavochka"]
[Black "Eloist"]
[Result "0-1"]
[WhiteElo "2138"]
[BlackElo "2339"]
[TimeControl "180+1"]
[EndTime "10:29:17 PST"]
[Termination "Eloist won by resignation"]

1. e4 e6 2. d4 d5 3. exd5 exd5 4. Nf3 Bf5 5. Be2 Bd6 6. O-O Ne7 7. Nbd2 O-O 8. Re1 Nbc6 9. c3 Qd7 10. Nf1 Rae8 11. Bd3 Bxd3 12. Qxd3 Qf5 13. Qxf5 Nxf5 14. Bd2 f6 15. Ng3 Bxg3 16. hxg3 g5 17. Rxe8 Rxe8 18. Re1 Rxe1+ 19. Nxe1 h5 20. Nd3 b6 21. a4 a5 22. b3 Kf7 23. Bc1 Ke6 24. Kf1 Nce7 25. Ke2 Nd6 26. f3 Nef5 27. Kf2 Nb7 28. Ba3 c6 29. Bf8 b5 30. Nc5+ Nxc5 31. Bxc5 Nd6 32. Bb6 bxa4 33. bxa4 Nc4 34. Bd8 g4 35. f4 Kf5 36. Ke2 Ke4 37. Bxf6 Nb2 38. Bd8 Nxa4 39. Bxa5 Nb2 40. Bd8 Nd3 41. Bh4 Nc1+ 42. Kd2 Nb3+ 43. Kc2 Na5 44. Kd2 Nc4+ 45. Ke2 Nd6 46. Kd2 Nf5 47. Ke2 Ne3 48. Kd2 Nxg2 49. Ke2 Nxh4 50. gxh4 Kxf4 51. Kf2 g3+ 52. Kg2 Kg4 0-1

[Event "*** Titled Tuesday Blitz"]
[Site "Chess.com"]
[Date "2020.12.29"]
[Round "3"]
[White "Smirnov_Pavel"]
[Black "Tekushka"]
[Result "1-0"]
[WhiteElo "2808"]
[BlackElo "2445"]
[TimeControl "180+1"]
[EndTime "10:29:18 PST"]
[Termination "Smirnov_Pavel won by checkmate"]

1. d4 Nf6 2. c4 e6 3. Nf3 b6 4. g3 Ba6 5. Bg2 Bxc4 6. O-O Ba6 7. Ne5 c6 8. Nc3 Be7 9. Re1 O-O 10. e4 d5 11. Bf4 Bb7 12. Rc1 Nbd7 13. Nxd7 Nxd7 14.
h4 a6 15. h5 Nf6 16. e5 Nd7 17. Qg4 Kh8 18. Be3 c5 19. Ne2 cxd4 20. Bxd4 Bc5 21. Qf4 Bxd4 22. Nxd4 Nc5 23. Qe3 a5 24. h6 Rg8 25. Nb5 f5 26. Nd6 Qe7 27. a3 a4 28.
hxg7+ Rxg7 29. Red1 Rf8 30. Rd4 Rg4 31. Rxg4 fxg4 32.
Qh6 Rg8 33. Rd1 Ba6 34. Rd4 Bd3 35. Rf4 Bg6 36. Rf6 Qg7 37. Qh4 Rb8 38. Bf1 Ne4 39.
Nxe4 Bxe4 40. Rxe6 Rf8 41. Re7 Qg6 42. e6 Qf5 43. Rf7 Rxf7 44. exf7 Qxf7 45. Qxg4 Qg6 46. Qc8+ Kg7 47. Qc7+ Kh6 48. Qf4+ Kg7 49. Qc7+ Kh6 50. Qe7 Qg4 51. Qf6+ Qg6 52. Qf8+ Kh5 53. Be2+ Kg5 54. Qf4# 1-0

[Event "*** Titled Tuesday Blitz"]
[Site "Chess.com"]
[Date "2020.12.29"]
[Round "3"]
[White "baag"]
[Black "AniJak"]
[Result "1/2-1/2"]
[WhiteElo "2719"]
[BlackElo "2358"]
[TimeControl "180+1"]
[EndTime "10:29:19 PST"]
[Termination "Game drawn by repetition"]

1. d4 Nf6 2. c4 c6 3. Nc3 d5 4. e3 e6 5. Nf3 Nbd7 6. Qc2 Bd6 7. Bd3 dxc4 8. Bxc4 b5 9. Be2 Bb7 10. O-O a6 11. Rd1 Qe7 12. e4 e5 13. h3 O-O 14.
dxe5 Nxe5 15. Nd4 g6 16. f4 Ned7 17. e5 Nxe5 18. fxe5 Qxe5 19. Nf3 Qg3 20. Bg5 Nh5 21. Bh4 Bc5+ 22. Kh1 Qc7 23. Ne4 Bb6 24. Nf6+ Nxf6 25. Bxf6 Rfe8 26. Qd2 Re6 27. Bc3 Bc5 28. Ng5 Re7 29. Bf3 Be3 30. Qd3 Bxg5 31. Qd4 f6 32. h4 c5 33. Qg4 Bxf3 34. Qxf3 Rf8 35. hxg5 fxg5 36. Qg4 Rf4 37. Qxg5 Rf5 38. Qg4 Rh5+ 39. Qxh5 gxh5 40. Rd5 h6 41. Rxh5 Kh7 42. Rf1 Rf7 43. Re1 Qg3 44. Rh3 Qg5 45. Kg1 b4 46.
Be5 Re7 47. Rhe3 Rf7 48. Rg3 Qf5 49. Ree3 Qf1+ 50. Kh2 Qf5 51. Rh3 Re7 52. Rhf3 Qh5+ 53. Rh3 Qf5 54. Rhf3 Qh5+ 55. Rh3 Qf5 1/2-1/2

[Event "*** Titled Tuesday Blitz"]
[Site "Chess.com"]
[Date "2020.12.29"]
[Round "3"]
[White "ZverevLev"]
[Black "chess94cu"]
[Result "0-1"]
[WhiteElo "2391"]
[BlackElo "2591"]
[TimeControl "180+1"]
[EndTime "10:29:19 PST"]
[Termination "chess94cu won on time"]

1. e4 d6 2. d4 Nf6 3. Nc3 Nbd7 4. Be3 e5 5. f3 c6 6. Qd2 Be7 7. O-O-O Qc7 8. h4 b5 9. g4 b4 10.
Nb1 exd4 11. Bxd4 c5 12. Be3 Nb6 13. h5 Be6 14. g5 Nfd7 15. a3 a5 16. Be2 Ne5 17.
f4 Nec4 18. Bxc4 Nxc4 19. Qe2 Nxe3 20. Qxe3 Rb8 21. Ne2 h6 22. g6 fxg6 23. hxg6 Qb7 24. a4 O-O 25. Rh2 Rbe8 26. Rdh1 Bf6 27. Ng3 Qc6 28.
f5 Bc8 29. b3 c4 30. Kd1 d5 31. Nd2 c3 32. Rxh6 gxh6 33. Qxh6 Re7 34. Nf3 dxe4 35. Nh5 exf3 36. g7 Rxg7 37. Nxf6+ Qxf6 38. Qh8+ Kf7 39. Qh5+ Ke7 40. Re1+ Kd8 41. Qxf3 Rd7+ 42. Kc1 Qxf5 43. Qc6 Qf4+ 44. Kb1 Qd2 45. Qb6+ Rc7 46. Rh1 Qd7 0-1

[Event "*** Titled Tuesday Blitz"]
[Site "Chess.com"]
[Date "2020.12.29"]
[Round "3"]
[White "Vuk2000"]
[Black "esskeettit"]
[Result "0-1"]
[WhiteElo "2808"]
[BlackElo "2467"]
[TimeControl "180+1"]
[EndTime "10:29:20 PST"]
[Termination "esskeettit won on time"]

1. d4 Nf6 2. Bg5 e6 3. e4 h6 4.
Bxf6 Qxf6 5. c3 d5 6. Bd3 c5 7. Nf3 cxd4 8. cxd4 Nc6 9. e5 Qd8 10. Nc3 Bd7 11. O-O Qb6 12. Ne2 O-O-O 13. Qd2 Kb8 14.
Rfb1 Bb4 15. Qf4 Rdf8 16. a3 Be7 17. b4 Ka8 18. Qe3 f6 19. a4 Nxb4 20. exf6 gxf6 21. Nh4 Be8 22. Nf4 e5 23. Nfg6 Bxg6 24. Nxg6 Bd6 25.
a5 Qxd4 26. Qxd4 exd4 27. Nxh8 Rxh8 28. Bf5 Kb8 29. Ra4 Nc6 30. a6 b6 31. Bd7 Ne5 32.
Bf5 Bc5 33. Rd1 Nc4 34. Ra2 Re8 35. Rc2 Kc7 36. g4 Kd6 37. Kg2 Ne5 38. h4 Nc4 39. Ra2 Re5 40. Raa1 Re2 41. Re1 Rd2 42. Re6+ Kc7 43. Rxf6 Ne3+ 44. Kf3 Nc4 45. Rf7+ Kd6 46. Rd7+ Kc6 47. Rxa7 d3 48. Kg3 Bxf2+ 49. Kh3 Be3 50. Rf7 Kd6 0-1

[Event "*** Titled Tuesday Blitz"]
[Site "Chess.com"]
[Date "2020.12.29"]
[Round "3"]
[White "Koksal06"]
[Black "MaevskiyNikolay"]
[Result "1-0"]
[WhiteElo "2427"]
[BlackElo "2585"]
[TimeControl "180+1"]
[EndTime "10:29:20 PST"]
[Termination "Koksal06 won by checkmate"]

1. d4 d5 2. c4 Nc6 3. Nc3 dxc4 4. d5 Ne5 5. e4 e6 6. f4 Ng6 7. Bxc4 exd5 8. Qxd5 Be6 9. Qxd8+ Rxd8 10. Bxe6 fxe6 11.
Nf3 Bc5 12. Ke2 Nf6 13. g3 Ke7 14. Be3 Bxe3 15. Kxe3 Rd7 16. Rhd1 Rhd8 17. Rxd7+ Rxd7 18. Rd1 Rxd1 19. Nxd1 h6 20. Nc3 a6 21. e5 Nd7 22.
Ne4 Kf7 23. h4 Ne7 24. Nc3 Nf5+ 25. Kf2 h5 26. Ng5+ Ke7 27. Kf3 c5 28. Nd1 b5 29.
Ne3 g6 30. Ne4 c4 31. Nxf5+ gxf5 32. Nd6 Nb6 33. Ke3 Na4 34. b3 cxb3 35. axb3 Nb6 36. Kd4 Nd5 37. Nxf5+ Kd7 38. Ng7 Ne7 39. Nxh5 Nf5+ 40.
Kc5 Kc7 41. Nf6 Nxg3 42. h5 Nf5 43. Ng4 Ne7 44. h6 Ng6 45. h7 Kd7 46. Nf6+ Kc7 47. b4 Nh8 48. Ne4 Ng6 49. Ng5 Kd7 50. Kb6 Nh8 51. Kxa6 Kc6 52. Ka5 Ng6 53. Nf3 Nh8 54.
Nd4+ Kd5 55. Nxb5 Ke4 56. Nc7 Kxf4 57. b5 Kxe5 58. b6 Kd6 59. Ka6 Nf7 60. Nb5+ Kd7 61. b7 Ng5 62. b8=Q Nxh7 63. Qb7+ Ke8 64. Qxh7 e5 65. Kb6 e4 66. Nc3 e3 67. Ne2 Kf8 68.
Kc6 Ke8 69. Kd6 Kf8 70. Ke6 Ke8 71. Qc7 Kf8 72. Nd4 Kg8 73. Kf6 e2 74. Kg6 e1=R 75.
Qf7+ Kh8 76. Qg7# 1-0

[Event "*** Titled Tuesday Blitz"]
[Site "Chess.com"]
[Date "2020.12.29"]
[Round "3"]
[White "louis198"]
[Black "sergiochess83"]
[Result "1/2-1/2"]
[WhiteElo "2576"]
[BlackElo "2791"]
[TimeControl "180+1"]
[EndTime "10:29:21 PST"]
[Termination "Game drawn by repetition"]

1. d4 Nf6 2. c4 g6 3. Nc3 d5 4.
e3 Bg7 5. Nf3 O-O 6. h3 c5 7.
dxc5 Qa5 8. Bd2 dxc4 9. Bxc4 Qxc5 10. Qe2 Nc6 11. O-O Qh5 12. Rfd1 b6 13. Be1 Bb7 14. Nd5 Rad8 15. Nf4 Qf5 16. Bc3 e5 17. Nd5 Nxd5 18.
Bxd5 Qh5 19. e4 Rd7 20. Bxc6 Bxc6 21. Rxd7 Bxd7 22. Rd1 Be6 23. b3 Rc8 24. Bb2 Bf6 25. Rc1 Rxc1+ 26. Bxc1 Be7 27. Be3 f6 28. Kf1 g5 29.
Nd2 Qxe2+ 30. Kxe2 Kf7 31. f3 Ke8 32. Kd3 Kd7 33.
Nc4 Kc6 34. a4 h5 35. g4 h4 36. Bd2 Bc5 37. Bc3 b5 38. axb5+ Kxb5 39. Nd2 Bb4 40. Kc2 a5 41. Nb1 Kc5 42. Bb2 Bd7 43. Nc3 Bc6 44. Kd3 Bxc3 45. Bxc3 Bb5+ 46. Ke3 Bf1 47. Bxa5 Kd6 48.
Bd8 Ke6 49. b4 Bb5 50. Bb6 Kf7 51. Kf2 Ke6 52. Bd8 Kf7 53. Bb6 Ke6 54. Bd8 Kf7 55.
Bb6 1/2-1/2

[Event "*** Titled Tuesday Blitz"]
[Site "Chess.com"]
[Date "2020.12.29"]
[Round "3"]
[White "garicradomir"]
[Black "Snowflake"]
[Result "1-0"]
[WhiteElo "2283"]
[BlackElo "2445"]
[TimeControl "180+1"]
[EndTime "10:29:21 PST"]
[Termination "garicradomir won by checkmate"]

1. e4 e5 2. Nf3 d6 3. d4 exd4 4. Nxd4 Nf6 5. Nc3 g6 6. Bf4 Bg7 7. Qd2 O-O 8. f3 a6 9. Bh6 b5 10. Bxg7 Kxg7 11. O-O-O b4 12. Nd5 c5 13. Nf5+ Bxf5 14.
exf5 Nc6 15. Nxf6 Qxf6 16. Qxd6 Rfd8 17. Qxf6+ Kxf6 18. Rxd8 Nxd8 19. fxg6 fxg6 20. Bc4 Nc6 21. Bd5 Rc8 22. Bxc6 Rxc6 23. Re1 a5 24. Re4 g5 25. Kd2 h5 26. Ke2 Rd6 27. h4 Rd5 28. hxg5+ Kxg5 29. g3 Kf5 30. Rc4 Re5+ 31. Kf2 Rd5 32. Ke3 Re5+ 33.
Re4 Rd5 34. g4+ hxg4 35. Rxg4 Rd1 36. Rc4 Re1+ 37. Kd3 Re5 38. Rh4 Rd5+ 39. Ke3 Re5+ 40. Kf2 Kg5 41. f4+ Kxh4 42. fxe5 Kg5 43. Ke3 Kf5 44.
Kd3 Kxe5 45. Kc4 Kd6 46. Kb5 a4 47. Kxa4 Kd5 48. Kb5 Kd4 49. b3 Kc3 50. Kxc5 Kxc2 51.
Kxb4 Kb2 52. a4 Ka1 53. a5 Kb2 54. a6 Ka1 55. a7 Kb2 56. a8=Q Kb1 57. Qg2 Kc1 58.
Kc3 Kd1 59. Qd2# 1-0

[Event "*** Titled Tuesday Blitz"]
[Site "Chess.com"]
[Date "2020.12.29"]
[Round "3"]
[White "Grandelicious"]
[Black "Leonid_Starozhilov"]
[Result "1-0"]
[WhiteElo "2855"]
[BlackElo "2629"]
[TimeControl "180+1"]
[EndTime "10:29:22 PST"]
[Termination "Grandelicious won on time"]

1. Nf3 Nf6 2. g3 g6 3. b3 Bg7 4. Bb2 O-O 5. Bg2 d5 6. c4 c6 7. O-O Bg4 8. d3 Bxf3 9. Bxf3 Nbd7 10. Nd2 e6 11. a3 Ne8 12. d4 Nd6 13. e3 h5 14. a4 Re8 15. Bg2 Nf6 16. Qe2 Nde4 17. Nf3 Rc8 18. a5 a6 19. Ne5 Nd7 20. Nd3 Kh7 21.
Nf4 Ndf6 22. f3 Nd6 23. e4 Ng8 24. e5 Nf5 25. Rfd1 Bh6 26. Nh3 Rc7 27. Rd3 Rd7 28.
c5 f6 29. f4 Ng7 30. exf6 Nxf6 31. Bc3 Nf5 32. Re1 Rde7 33. Bf3 Kg8 34. Qg2 Rg7 35.
Rd2 Qd7 36. Rde2 Kh7 37. b4 Rgg8 38. Nf2 Rg7 39. Nd3 Rgg8 40. Ne5 Qg7 41. Kh1 Nd7 42. Nd3 Qf7 43. Qh3 Rg7 44. g4 hxg4 45. Bxg4 Kg8 46. Rg2 Rh7 47. Bxf5 exf5 48. Rxe8+ Qxe8 49. Qxf5 Nf8 50.
Ne5 Rg7 51. Qg4 Kh7 52. Rg3 Qe6 53. Qh4 Qf5 54. Rh3 Qb1+ 55. Be1 1-0

[Event "*** Titled Tuesday Blitz"]
[Site "Chess.com"]
[Date "2020.12.29"]
[Round "3"]
[White "Borsuk_Konstantin"]
[Black "JoliyRoger"]
[Result "1-0"]
[WhiteElo "2633"]
[BlackElo "2418"]
[TimeControl "180+1"]
[EndTime "10:29:23 PST"]
[Termination "Borsuk_Konstantin won by resignation"]

1. d4 Nf6 2. c4 e6 3. Nc3 Bb4 4. Qc2 b6 5. f3 c5 6. a3 Bxc3+ 7. Qxc3 Nc6 8. dxc5 bxc5 9. Bf4 Qb6 10. e3 O-O 11.
Ne2 d5 12. Bg5 d4 13. Qd2 dxe3 14. Bxe3 e5 15. b4 Nd4 16. Nxd4 exd4 17. Bg5 Bf5 18. Kf2 h6 19. Bf4 Rfe8 20. Bd3 Bxd3 21. Qxd3 cxb4 22.
axb4 Qxb4 23. Rhb1 Qc5 24. Rb5 Qc6 25. Qxd4 Rad8 26.
Qc3 Nd5 27. Qd4 Nb6 28. Qc5 Qe6 29. Kg3 Nxc4 30. Rxa7 Qg6+ 31. Kh3 Qe6+ 32. Qf5 Qxf5+ 33. Rxf5 Rf8 34. Rc5 Nd6 35. g4 Ne8 36. Kg3 Nf6 37. h4 Nh7 38. Rcc7 Rc8 39. Rcb7 Rcd8 40. g5 hxg5 41. hxg5 Rd5 42. g6 Nf6 43. gxf7+ Kh7 44. Kf2 Kg6 45. Be3 Rf5 46. Ke2 Nd5 47. Bc5 R5xf7 48.
Bxf8 Rxf8 49. Ra6+ Nf6 50. Ke3 Re8+ 51. Kf2 Rd8 52.
Raa7 Rg8 53. Rb6 Kh7 54. Rxf6 Rc8 55. Rff7 1-0

[Event "*** Titled Tuesday Blitz"]
[Site "Chess.com"]
[Date "2020.12.29"]
[Round "3"]
[White "vinniethepooh"]
[Black "alexgo05"]
[Result "1-0"]
[WhiteElo "2700"]
[BlackElo "2483"]
[TimeControl "180+1"]
[EndTime "10:29:25 PST"]
[Termination "vinniethepooh won on time"]

1. d4 e6 2. c4 f5 3. g3 Nf6 4. Bg2 d5 5. Nf3 c6 6. O-O Bd6 7. b3 Qe7 8. Bb2 O-O 9. Nbd2 a5 10. a3 Nbd7 11. Ne5 Ne4 12. Nd3 a4 13. c5 Bc7 14. b4 Nxd2 15. Qxd2 e5 16. dxe5 Nxe5 17. Nxe5 Bxe5 18. Bxd5+ Kh8 19. Bg2 f4 20. Bxe5 Qxe5 21. gxf4 Qh5 22. e3 Bh3 23. Qd1 Bg4 24. f3 Bh3 25. Qe1 Rae8 26. Bxh3 Qxh3 27. Qf2 Qe6 28. Rfe1 Qb3 29. Kh1 h6 30. Re2 Rf6 31. Rg1 Qxa3 32.
Qg3 Re7 33. e4 Qxb4 34. f5 Qxc5 35. Reg2 Qe5 36. Qxe5 Rxe5 37. Rxg7 Re8 38. Rxb7 Ra8 39. Ra1 c5 40. Rc7 Ra5 41. Kg2 a3 42. Kg3 a2 43.
Kf4 Rb6 44. Rd1 Ra8 45. Ra1 Rb1 46. Rxa2 Rxa2 47. f6 Ra6 48. Kf5 Rf1 49. f4 Rg1 50. e5 Rg8 51. e6 Rf8 52. f7 c4 53. Kf6 1-0

[Event "*** Titled Tuesday Blitz"]
[Site "Chess.com"]
[Date "2020.12.29"]
[Round "3"]
[White "alexg2003"]
[Black "ftorodent"]
[Result "0-1"]
[WhiteElo "2395"]
[BlackElo "2642"]
[TimeControl "180+1"]
[EndTime "10:29:26 PST"]
[Termination "ftorodent won by resignation"]

1. e4 c5 2. Nf3 e6 3. d4 cxd4 4.
Nxd4 a6 5. Be2 d6 6. O-O Nf6 7. Nc3 Be7 8. Be3 O-O 9. Nb3 Nc6 10. f4 Qc7 11. a4 b6 12. Bf3 Bb7 13. Ne2 Rac8 14. c3 Na5 15. Nxa5 bxa5 16. Qc2 Qb8 17. Rae1 Rfe8 18. Ng3 Bf8 19. Qf2 Bc6 20. Qc2 Qb7 21.
e5 Nd5 22. Bd2 g6 23. h4 Qe7 24. Ne4 Qxh4 25. Nxd6 Bxd6 26. exd6 Nf6 27. Bxc6 Rxc6 28. Qd3 Rd8 29. Qf3 Rcxd6 30. g3 Qh3 31. Be3 Ng4 32. Rf2 Nxf2 33. Qxf2 Qf5 34. Bd4 Qd3 35. Re3 Qd1+ 36.
Re1 Qxa4 37. Re5 Rxd4 38. cxd4 Rxd4 39. Kg2 Qc6+ 40. Kh2 Qd6 41. Re2 a4 42. Qf3 h5 43.
Qc3 h4 44. Rf2 hxg3+ 45. Qxg3 Rd3 46. Qg5 Qd5 47. Rc2 Qxg5 48. fxg5 Rd5 49. Rc6 Rxg5 50. Rxa6 Rb5 51. Rxa4 Rxb2+ 52. Kg3 Rb3+ 53. Kf4 Kg7 54. Ke5 Rb5+ 55. Kf4 Rf5+ 56. Kg4 e5 57. Ra6 Rf4+ 58.
Kg5 f6+ 59. Rxf6 Rxf6 0-1

[Event "*** Titled Tuesday Blitz"]
[Site "Chess.com"]
[Date "2020.12.29"]
[Round "3"]
[White "OparinGrigoriy"]
[Black "NaciSAN"]
[Result "1-0"]
[WhiteElo "2965"]
[BlackElo "2167"]
[TimeControl "180+1"]
[EndTime "10:29:26 PST"]
[Termination "OparinGrigoriy won by checkmate"]

1. c4 Nf6 2. Nc3 e6 3. e4 d6 4.
d4 Be7 5. Nf3 O-O 6. Bd3 Nbd7 7.
O-O e5 8. d5 a5 9. a3 h6 10. Bd2 Nh7 11. b4 axb4 12. axb4 Rxa1 13. Qxa1 Ng5 14. Ne1 Nh7 15. Nc2 Bg5 16. Ne3 Nhf6 17. g3 Nh5 18. Qd1 g6 19. h4 Bxh4 20. gxh4 Qxh4 21.
Ng2 Qh3 22. Bxh6 Ndf6 23. f3 Ng3 24. Bxf8 Kxf8 25. Ne2 Nxf1 26. Qxf1 Ng4 27. fxg4 Qxd3 28. Qf6 Qxe2 29. Qh8+ Ke7 30. Qxc8 Qxc4 31. Kh2 b6 32. g5 Qxb4 33. Qxc7+ Kf8 34. Qc2 b5 35. Qc7 Kg7 36. Qe7 Qc5 37. Qf6+ Kg8 38. Qd8+ Kg7 39. Qb8 b4 40. Qb7 Qc3 41. Qb6 b3 42. Qxd6 b2 43.
Qf6+ Kg8 44. d6 b1=Q 45. d7 Qbd3 46. d8=Q+ Qxd8 47. Qxd8+ Kh7 48. Qf6 Kg8 49. Qf2 Qd3 50. Qe3 Qd7 51. Qf3 Qd4 52. Ne3 Qd2+ 53. Kg3 Qd3 54.
Ng4 Qd4 55. Nh6+ Kg7 56. Qxf7+ Kh8 57. Qg8# 1-0

[Event "*** Titled Tuesday Blitz"]
[Site "Chess.com"]
[Date "2020.12.29"]
[Round "3"]
[White "Forantes"]
[Black "Maksimus1998"]
[Result "1-0"]
[WhiteElo "2380"]
[BlackElo "2538"]
[TimeControl "180+1"]
[EndTime "10:29:26 PST"]
[Termination "Forantes won on time"]

1. e4 c5 2. Nf3 a6 3. c3 d5 4. exd5 Qxd5 5. d4 Nf6 6. Be2 e6 7. O-O Be7 8. Be3 cxd4 9. cxd4 O-O 10. Nc3 Qd6 11. a3 b5 12. Qb3 Bb7 13. Rad1 Nd5 14.
Ne4 Qb6 15. Bd3 Nd7 16. Bb1 Rac8 17. Qd3 f5 18. Neg5 h6 19. Nh3 g5 20. Bxg5 hxg5 21. Nfxg5 Bxg5 22. Nxg5 Rf6 23. Qg3 Rg6 24. Qh4 Nf8 25.
Rfe1 Qd6 26. Nxe6 Rxe6 27. Bxf5 Rxe1+ 28. Rxe1 Qf6 29. Qg4+ Qg7 30. Bxc8 Bxc8 31. Qxc8 Nf4 32. g3 Nd3 33. Re4 Qd7 34. Qxa6 Qf5 35. Re2 Qf3 36.
Rd2 Ne1 37. Kf1 Qh1+ 38. Ke2 Qe4+ 39. Kd1 Nf3 40. Qa5 Nxd4 41. Rxd4 Qxd4+ 42. Qd2 Qe5 43. h4 Ne6 44. f4 Qe4 45. Qe2 Qd5+ 46. Qd2 Nd4 47. f5 Qf3+ 48. Ke1 1-0

[Event "*** Titled Tuesday Blitz"]
[Site "Chess.com"]
[Date "2020.12.29"]
[Round "3"]
[White "ajdemipopushi"]
[Black "RobertoJBM"]
[Result "0-1"]
[WhiteElo "2337"]
[BlackElo "2704"]
[TimeControl "180+1"]
[EndTime "10:29:27 PST"]
[Termination "RobertoJBM won by resignation"]

1. Nf3 d5 2. g3 Bg4 3. Ne5 Bf5 4. Bg2 Nd7 5. d4 Nxe5 6. dxe5 c6 7. O-O e6 8. Nc3 Bg6 9. e4 d4 10. Ne2 c5 11. c3 dxc3 12. Qa4+ Qd7 13. Qxd7+ Kxd7 14. Nxc3 Rd8 15. f4 Ne7 16. g4 h6 17. Be3 Nc6 18. Rfd1+ Kc8 19. Nb5 b6 20. Nd6+ Bxd6 21. exd6 e5 22. f5 Bh7 23. a3 Kd7 24. b4 Nd4 25.
bxc5 bxc5 26. Rab1 Rb8 27. Bf1 f6 28. Bxd4 exd4 29.
Bc4 Kxd6 30. h3 Rb6 31. h4 Rhb8 32. Rbc1 Bg8 33. g5 hxg5 34. hxg5 Bxc4 35. Rxc4 Rb1 36.
Rxb1 Rxb1+ 37. Kf2 Rb2+ 38. Kf3 Rb3+ 39. Kf4 Rxa3 40. Rc1 d3 41. Ke3 a5 42. g6 a4 43. Rh1 c4 44. Kd4 d2 45. Kxc4 Ke5 46.
Rd1 Kxe4 47. Rxd2 Kxf5 48. Kb4 Rg3 49. Kxa4 Kxg6 50. Kb4 Re3 51. Kc4 Re5 52. Kd4 Kf7 53. Rg2 g5 54. Ra2 Kg6 55. Rg2 Re8 56. Kd3 f5 57. Rb2 g4 58. Kd4 Kg5 0-1